 Dungeon Crawl Stone Soup version 0.22-a0-542-gce4f928 (webtiles) character file.

53 iamserjio the Sneak (level 3, 0/31 HPs)
             Began as a Gnoll Assassin on June 24, 2018.
             Slain by a hound (2 damage)
             ... on level 3 of the Dungeon.
             The game lasted 00:02:42 (358 turns).

iamserjio the Sneak (Gnoll Assassin)                 Turns: 358, Time: 00:02:43

Health: 0/31       AC:  3    Str: 13    XL:     3   Next: 87%
Magic:  3/4        EV: 13    Int: 14    God:
Gold:   96         SH:  0    Dex: 16    Spells: 4/4 levels left

rFire    . . .     SeeInvis .   h - +1 dagger (venom)
rCold    . . .     Gourm    .   (no shield)
rNeg     . . .     Faith    .   c - +0 robe
rPois    .         Spirit   .   (no helmet)
rElec    .         Reflect  .   d - +0 cloak
rCorr    .         Harm     .   (no gloves)
MR       .....                  (no boots)
Stlth    ++++......             (no amulet)
HPRegen  0.10/turn              (no ring)
MPRegen  0.09/turn              (no ring)

@: no status effects
A: distributed training, fangs 1, strong nose
a: no special abilities


You were on level 3 of the Dungeon.
You were not hungry.

You visited 1 branch of the dungeon, and saw 3 of its levels.

You collected 96 gold pieces.

Inventory:

Hand Weapons
 a - a +2 dagger
 b - a +0 blowgun
 h - a +1 dagger of venom (weapon)
 k - a +0 short sword
Missiles
 e - 20 poisoned needles
 f - a curare-tipped needle {!f}
Armour
 c - a +0 robe (worn)
 d - a +0 cloak (worn)
Scrolls
 i - 3 scrolls of enchant weapon {unknown}
 j - a scroll of immolation
Comestibles
 g - 2 rations


   Skills:
 + Level 4.6 Fighting
 + Level 4.6 Short Blades
 + Level 1.0 Long Blades
 + Level 1.0 Axes
 + Level 1.0 Maces & Flails
 + Level 1.0 Polearms
 + Level 1.0 Staves
 + Level 1.0 Slings
 + Level 1.0 Bows
 + Level 1.0 Crossbows
 + Level 4.6 Throwing
 + Level 1.0 Armour
 + Level 2.6 Dodging
 + Level 7.8 Stealth
 + Level 1.0 Shields
 + Level 1.0 Unarmed Combat
 + Level 1.0 Spellcasting
 + Level 0.7 Conjurations
 + Level 0.7 Hexes
 + Level 0.7 Charms
 + Level 0.7 Summonings
 + Level 0.7 Necromancy
 + Level 0.7 Translocations
 + Level 0.7 Transmutations
 + Level 0.7 Fire Magic
 + Level 0.7 Ice Magic
 + Level 0.7 Air Magic
 + Level 0.7 Earth Magic
 + Level 0.7 Poison Magic
 + Level 1.0 Invocations
 + Level 1.0 Evocations


You had 4 spell levels left.
You didn't know any spells.
Your spell library was empty.

Dungeon Overview and Level Annotations

Branches:
Dungeon (3/15)

Altars:


Innate Abilities, Weirdness & Mutations

Your experience applies equally to all skills.
You have very sharp teeth.
Your uncanny sense of smell can sniff out nearby items.


Message History

Things that are here:
a dagger of venom; a chain mail; an orc corpse
h - a dagger of venom Wield which item (- for none, * to show all)? (? for menu, Esc to quit)
Your +1 dagger of venom begins to drip with poison!
h - a +1 dagger of venom (weapon)
A hound comes into view.
The hound barks!
You hit the hound.
The hound is lightly wounded.
You hear a bark!
The hound closely misses you.
You hit the hound. You bite the hound, but do no damage.
The hound is moderately wounded.
The hound bites you.
* * * LOW HITPOINT WARNING * * *
You miss the hound.
The hound is moderately wounded.
The hound bites you.
You die...

#.# #.# #.# #.# #.#
..####+####.#####
................#
..#####..###.###.#
......)...h@h#.#.#
#.#######.###.#<#.#
.[......[..##.#.#.#
###...))##.##.#.#.#
#≈#...# h##.#.#.#
≈≈ #...# h##.#.#.#
≈ ##.## .. .#.#.#
#. #. .#.#.# ≈. ..
#...#


You could see a hound and a jackal.

Vanquished Creatures
  An orc priest (D:3)
  An adder (D:2)
  A dart slug (D:1)
  2 orcs (D:3)
  A goblin (D:3)
  4 kobolds
  A ball python (D:1)
  A bat (D:3)
  A frilled lizard (D:2)
  2 rats (D:1)
15 creatures vanquished.

Vanquished Creatures (others)
  A minotaur (D:1)
  2 draconians (D:1)
  An elf (D:1)
  A troll (D:1)
  2 formicids (D:1)
  A human (D:1)
  A naga (D:1)
  A dwarf (D:1)
  A centaur (D:1)
  A kobold (D:1)
  6 tentacles (D:1)
18 creatures vanquished.

Grand Total: 33 creatures vanquished

Notes
Turn   | Place    | Note
-------+----------+-------------------------------------------
     0 | D:1      | iamserjio the Gnoll Assassin began the quest for the Orb.
     0 | D:1      | Reached XP level 1. HP: 20/20 MP: 1/1
     0 | D:1      | Noticed a minotaur
     0 | D:1      | Noticed a draconian
     0 | D:1      | Noticed a dwarf
     0 | D:1      | Noticed a troll
     0 | D:1      | Noticed a formicid
     0 | D:1      | Noticed a formicid
     0 | D:1      | Noticed a kraken
     0 | D:1      | Noticed a naga
     0 | D:1      | Noticed a centaur
     0 | D:1      | Noticed an elf
     0 | D:1      | Noticed a human
     0 | D:1      | Noticed a draconian
     2 | D:1      | Killed a human
     5 | D:1      | Killed a centaur
     5 | D:1      | Killed a formicid
     8 | D:1      | Killed a draconian
     9 | D:1      | Killed a minotaur
    12 | D:1      | Killed a troll
    12 | D:1      | Killed a naga
    14 | D:1      | Killed a formicid
    14 | D:1      | Killed a dwarf
    14 | D:1      | Killed an elf
    15 | D:1      | Killed a draconian
    78 | D:1      | Reached XP level 2. HP: 24/26 MP: 2/2
   330 | D:3      | Reached XP level 3. HP: 28/31 MP: 3/3
   346 | D:3      | Reached skill level 1 in Long Blades
   346 | D:3      | Reached skill level 1 in Axes
   346 | D:3      | Reached skill level 1 in Maces & Flails
   346 | D:3      | Reached skill level 1 in Polearms
   346 | D:3      | Reached skill level 1 in Staves
   346 | D:3      | Reached skill level 1 in Slings
   346 | D:3      | Reached skill level 1 in Bows
   346 | D:3      | Reached skill level 1 in Crossbows
   346 | D:3      | Reached skill level 1 in Armour
   346 | D:3      | Reached skill level 1 in Shields
   346 | D:3      | Reached skill level 1 in Unarmed Combat
   346 | D:3      | Reached skill level 1 in Spellcasting
   346 | D:3      | Reached skill level 1 in Invocations
   346 | D:3      | Reached skill level 1 in Evocations
   358 | D:3      | Slain by a hound

Vault maps used:
D:1:      nicolae_arrival_kraken_aquarium_a
D:2:      kennysheep_generic_room_7
D:3:      gammafunk_steamed_eel, nicolae_ru_awakened_eye, first_ration,
          minivault_19, minivault_4

Skill      XL: |  1  2  3 |
---------------+----------+-----
Long Blades    | 1 |  1.0
Axes           | 1 |  1.0
Maces & Flails | 1 |  1.0
Polearms       | 1 |  1.0
Staves         | 1 |  1.0
Slings         | 1 |  1.0
Bows           | 1 |  1.0
Crossbows      | 1 |  1.0
Armour         | 1 |  1.0
Shields        | 1 |  1.0
Unarmed Combat | 1 |  1.0
Spellcasting   | 1 |  1.0
Invocations    | 1 |  1.0
Evocations     | 1 |  1.0
Fighting       | |  4.6
Short Blades   | |  4.6
Throwing       | |  4.6
Dodging        | |  2.6
Stealth        | |  7.8
Conjurations   | |  0.7
Hexes          | |  0.7
Charms         | |  0.7
Summonings     | |  0.7
Necromancy     | |  0.7
Translocations | |  0.7
Transmutations | |  0.7
Fire Magic     | |  0.7
Ice Magic      | |  0.7
Air Magic      | |  0.7
Earth Magic    | |  0.7
Poison Magic   | |  0.7

Action                   || total
-------------------------++-------
Melee: Dagger            ||    45
       Bite              ||     7
 Fire: Blowgun           ||     1
  Use: Scroll            ||     2
 Stab: Sleeping          ||    10
Armor: Robe              ||     6
Dodge: Dodged            ||    25

Table legend:
 A = Spawn XP
 B = Non-spawn XP
 C = Spawn XP percentage of total XP
 D = Spawn monster count
 E = Non-spawn monster count
 F = Spawn count percentage of total count
 G = Total turns spent on level
                    A         B        C        D         E        F      G
               +---------+---------+-------+---------+---------+-------+---------
         Total |       0 |      76 |   0.0 |       0 |      15 |   0.0 |   358
               +---------+---------+-------+---------+---------+-------+---------
           D:1 |       0 |      11 |   0.0 |       0 |       7 |   0.0 |   119
           D:2 |       0 |      14 |   0.0 |       0 |       2 |   0.0 |   170
           D:3 |       0 |      51 |   0.0 |       0 |       6 |   0.0 |    69
               +---------+---------+-------+---------+---------+-------+---------
